 Dungeon Crawl Stone Soup version 0.29.1-12-g30fa7ad0bf (webtiles) character file.

Game seed: 10919513558085557153

118 EarthwalkerPL the Chopper (level 4, 0/34 HPs)
             Began as a Demonspawn Gladiator on Jan 12, 2023.
             Slain by an orc
             ... wielding a +4 falchion of holy wrath
              (1 damage)
             ... on level 3 of the Dungeon.
             The game lasted 00:03:56 (2394 turns).

EarthwalkerPL the Chopper (Demonspawn Gladiator)    Turns: 2394, Time: 00:03:57

Health: 0/34       AC:  3    Str: 17    XL:     4   Next: 72%
Magic:  4/4        EV: 12    Int:  9    God:
Gold:   134        SH:  0    Dex: 14    Spells: 3/3 levels left

rFire   . . .      SeeInvis .   n - +7 Throatcutter {drain, coup de grace}
rCold   . . .      Faith    .   (no shield)
rNeg    . . .      Spirit   .   b - +0 leather armour
rPois   .          Reflect  .   (helmet restricted)
rElec   .          Harm     .   (no cloak)
rCorr   .          Rampage  .   (no gloves)
Will    .....                   (no boots)
Stlth   +.........              (no amulet)
HPRegen 0.11/turn               (no ring)
MPRegen 0.09/turn               (no ring)

@: no status effects
A: horns 1, foul stench 1
a: no special abilities


You were on level 3 of the Dungeon.
You visited 1 branch of the dungeon, and saw 3 of its levels.

You collected 134 gold pieces.

Inventory:

Hand Weapons
 a - a +0 war axe
 n - the +7 Throatcutter (weapon) {drain, coup de grace}
   (You found it on level 2 of the Dungeon)

   A truly terrible weapon, it drains the life of any living foe it strikes.
   It may instantly kill foes which have little health.
Missiles
 d - 3 throwing nets (quivered)
 e - 9 javelins
Armour
 b - a +0 leather armour (worn)
 c - a +0 helmet
Wands
 s - a wand of iceblast (13)
Scrolls
 g - 2 scrolls of teleportation {unknown}
 i - a scroll of fog {unknown}
 l - 2 scrolls of identify {unknown}
 m - a scroll of magic mapping {unknown}
 q - a scroll of summoning {unknown}
 t - a scroll of fear {unknown}
 u - 3 scrolls of amnesia {unknown}
 v - a scroll of enchant armour {unknown}
Potions
 f - 2 potions of invisibility {unknown}
 h - 2 potions of curing {unknown}
 j - 2 potions of might {unknown}
 k - a potion of brilliance {unknown}
 o - a potion of resistance {unknown}
 p - a potion of flight {unknown}
 r - 3 potions of lignification {unknown}
 w - a potion of ambrosia {unknown}
 x - a potion of heal wounds {unknown}


   Skills:
 * Level 2.9 Fighting
 * Level 1.0 Long Blades
 * Level 3.3 Axes
 - Level 1.7 Throwing
 * Level 1.6 Armour
 * Level 3.3 Dodging


You had 3 spell levels left.
You didn't know any spells.
Your spell library contained the following spells:

 Spells                   Type           Power      Damage    Failure   Level
 Gell's Gravitas          Tloc           0%         N/A       82%         3
 Lesser Beckoning         Tloc           0%         N/A       82%         3
 Teleport Other           Tloc           0%         N/A       82%         3
 Chain Lightning          Conj/Air       0%         N/A       100%        9
 Fire Storm               Conj/Fire      0%         5d1       100%        9
 Shatter                  Erth           0%         3d5*      100%        9


Dungeon Overview and Level Annotations

Branches:
Dungeon (3/15)

Altars:
Ashenzari

Shops:
D:1 *


Innate Abilities, Weirdness & Mutations

You have a pair of small horns on your head.
You may rarely emit foul miasma when damaged in melee.


Message History

Found an escape hatch in the ceiling.
No target in view!
g - 2 scrolls labelled YCLULO JYNGOFF (gained 1)
Found a club.
An orc comes into view. It is wielding a +0 whip.
The orc shouts!
You hear a shout!
An orc wizard comes into view. It is wielding a +0 dagger.
The orc wizard shouts!
You hear a shout!
An orc comes into view. It is wielding a staff of poison.
The orc drinks a potion.
The orc seems to speed up.
An orc comes into view.
It is wielding a +4 falchion of holy wrath.
The orc shouts!
You slash the orc!
You kill the orc!
The orc wizard closely misses you.
Items here: ( ) ? †.
You barely miss the orc wizard. Your headbutt misses the orc wizard.
The orc barely misses you.
The orc wizard hits you with a +0 dagger.
You barely miss the orc wizard.
The orc hits you with a staff of poison.
The orc wizard casts a spell.
The orc wizard flickers and vanishes!
Deactivating autopickup; reactivate with Ctrl-A.
The orc hits you with a +4 falchion of holy wrath.
You convulse.
The orc hits you with a staff of poison.
Something hits you.
You barely miss something. The orc closely misses you.
The orc hits you with a +4 falchion of holy wrath!
* * * LOW HITPOINT WARNING * * *
You convulse.
* * * LOW HITPOINT WARNING * * *
You emit a cloud of foul miasma!
Something hits you but does no damage.
You slash something!
You behead something!
Reactivating autopickup.
You feel a bit more experienced.
The orc is engulfed in dark miasma.
The orc is poisoned.
The orc hits you with a +4 falchion of holy wrath.
You die...

### #...###..##.... ..
#. #....###.### #.##.
#)##.....### ######....
##.##.####...
.........###..#..####...
.........##.............
..............###..##...
......o...##............
......)@.###.########...
......o..# ### ####
.........# ##########


You could see 2 orcs.

Vanquished Creatures
  Jessica (D:2)
  An orc wizard (D:3)
  3 adders
  A worm (D:2)
  2 dart slugs
  3 orcs (D:3)
  4 ball pythons
  3 bats
  4 endoplasms
  2 giant cockroaches (D:1)
  6 goblins
  3 hobgoblins
  4 jackals
  4 quokkas
  5 frilled lizards
  4 kobolds
  4 rats
54 creatures vanquished.

Notes
Turn   | Place    | Note
-------+----------+-------------------------------------------
     0 | D:1      | EarthwalkerPL the Demonspawn Gladiator began the quest for
                  | the Orb.
     0 | D:1      | Reached XP level 1. HP: 16/16 MP: 1/1
   151 | D:1      | Found Soigiw's General Store.
   209 | D:1      | Gained mutation: You may rarely emit foul miasma when
                  | damaged in melee. [demonic ancestry]
   209 | D:1      | Reached XP level 2. HP: 16/22 MP: 2/2
   383 | D:1      | Found a faded altar of an unknown god.
   590 | D:1      | Reached skill level 1 in Armour
  1130 | D:2      | Reached XP level 3. HP: 18/28 MP: 3/3
  1340 | D:2      | Found the +7 Throatcutter {drain, coup de grace}
  1450 | D:2      | Identified the +4 spear of Mandamus {holy, rF+}
  1508 | D:2      | Found a broken altar of Ashenzari.
  1531 | D:2      | Noticed Jessica
  1537 | D:2      | Killed Jessica
  1538 | D:2      | Gained mutation: You have a pair of small horns on your
                  | head. [demonic ancestry]
  1538 | D:2      | Reached XP level 4. HP: 28/34 MP: 4/4
  2174 | D:3      | Reached skill level 1 in Long Blades
  2393 | D:3      | HP: 1/34 [orc/+4 falchion of holy wrath (5)]
  2394 | D:3      | Slain by an orc

Illustrated notes

Levels and vault maps discovered:
D:1:      eino_arrival_water_star, layout_loops_corners,
          shapermc_ecumenical_altar_pompeii, serial_shops,
          nicolae_shop_behind_doors, st_stairs_4, moated_statue, minmay_tripent
D:2:      layout_loops_cross, basic_altar, uniq_jessica
D:3:      layout_rooms

Skill      XL: |  1  2  3  4 |
---------------+-------------+-----
Axes           | 3 |  3.3
Dodging        | 3 |  3.3
Armour         | 1 |  1.6
Long Blades    | 1 |  1.0
Fighting       | |  2.9
Throwing       | |  1.7

Action                   |  1- 3 |  4- 6 || total
-------------------------+-------+-------++-------
Melee: War axe           |    60 |       ||    60
       Punch             |     1 |       ||     1
       Long sword        |    13 |    36 ||    49
       Headbutt          |       |     3 ||     3
Armor: Leather armour    |    21 |    22 ||    43
Dodge: Dodged            |    49 |    42 ||    91
